 Dungeon Crawl Stone Soup version 0.29-a0-284-gf9362112df (webtiles) character file.

Game seed: 14981053980014115029

1081 serber55 the Chiller (level 8, -2/60 HPs)
             Began as a Demonspawn Ice Elementalist on Mar 31, 2022.
             Was a Believer of Vehumet.
             Slain by Duvessa
             ... wielding a +0 short sword
              (12 damage)
             ... on level 5 of the Dungeon.
             The game lasted 00:23:06 (5027 turns).

serber55 the Chiller (Demonspawn Ice Elementalist)  Turns: 5027, Time: 00:23:07

Health: -2/60      AC:  3    Str:  8    XL:     8   Next: 8%
Magic:  1/14       EV: 12    Int: 19    God:    Vehumet [**....]
Gold:   239        SH:  0    Dex: 16    Spells: 7/16 levels left

rFire   + . .      SeeInvis .   m - +1 quarterstaff (spect)
rCold   + + .      Faith    .   (shield currently unavailable)
rNeg    . . .      Spirit   .   q - +1 robe {rC+}
rPois   +          Reflect  .   (no helmet)
rElec   +          Harm     .   (no cloak)
rCorr   +          Rampage  .   (no gloves)
Will    .....                   (no boots)
Stlth   +++.......              (no amulet)
HPRegen 0.20/turn               (no ring)
MPRegen 0.14/turn               (no ring)

@: resistant, hasted, very quick
A: thin skeletal structure 1, demonic magic 1, demonic touch 1
a: Renounce Religion


You were on level 5 of the Dungeon.
You worshipped Vehumet.
Vehumet was pleased with you.
You visited 1 branch of the dungeon, and saw 5 of its levels.

You collected 239 gold pieces.

Inventory:

Hand Weapons
 m - a +1 spectral quarterstaff (weapon)
Missiles
 l - 95 stones
 s - 3 atropa-tipped darts (quivered)
Armour
 q - a +1 robe of cold resistance (worn)
 t - a +0 buckler
Wands
 f - a wand of iceblast (7)
Scrolls
 a - a scroll of enchant weapon {unknown}
 c - a scroll of immolation
 d - a scroll of magic mapping
 n - a scroll of blinking {unknown}
 p - a scroll of teleportation
 r - a scroll of identify
Potions
 b - a potion of magic
 e - 3 potions of curing
 g - 4 potions of attraction
 h - a potion of haste
 j - 2 potions of flight
 k - a potion of brilliance


   Skills:
 + Level 4.2 Fighting
 - Level 1.7 Dodging
 - Level 1.7 Stealth
 + Level 4.5 Spellcasting
 + Level 2.3 Conjurations
 * Level 6.9 Ice Magic


You had 7 spell levels left.
You knew the following spells:

 Your Spells              Type           Power      Damage    Failure   Level
a - Freeze                Ice            100%       1d11      1%          1
b - Frozen Ramparts       Ice            60%        1d8       2%          3
c - Ozocubu's Armour      Ice            30%        N/A       2%          3
d - Searing Ray           Conj           26%        2d5       8%          2

Your spell library contained the following spells:

 Spells                   Type           Power      Damage    Failure   Level
 Beastly Appendage        Tmut           8%         N/A       13%         1
 Hailstorm                Conj/Ice       22%        3d7       19%         4
 Blink                    Tloc           8%         N/A       21%         2
 Wereblood                Tmut           4%         N/A       21%         2
 Gell's Gravitas          Tloc           4%         N/A       36%         3
 Lesser Beckoning         Tloc           4%         N/A       36%         3
 Spider Form              Tmut/Pois      4%         N/A       36%         3
 Teleport Other           Tloc           4%         N/A       36%         3
 Manifold Assault         Tloc           4%         N/A       98%         5
 Dispersal                Tloc           2%         N/A       100%        6
 Disjunction              Tloc           2%         N/A       100%        8


Dungeon Overview and Level Annotations

Branches:
Dungeon (5/15)             Temple (0/1) D:5

Altars:
Vehumet

Annotations:
D:5 Duvessa


Innate Abilities, Weirdness & Mutations

You have a somewhat thin skeletal structure. (Dex +2, Stealth+)
Spells you cast may paralyse adjacent enemies.
Your touch may inflict minor irresistible damage on your foes.


Message History

You feel protected. Duvessa hits you with a +0 short sword!
Duvessa completely misses you.
Throw: 4 darts (atropa)
Press: ? - help, Q - select action, (/) - cycle Shift-Dir - straight line, f/p - Duvessa
Aim: Duvessa, wielding a +0 short sword and wearing a +0 leather armour (heavily wounded, berserk, fast, 65% to hit, chance to blind on hit: 61%)
You throw an atropa-tipped dart.
The atropa-tipped dart barely misses Duvessa.
Duvessa hits you but does no damage.
You hit Duvessa.
Duvessa is heavily wounded.
Your +1 spectral quarterstaff hits Duvessa.
Duvessa hits you with a +0 short sword! Duvessa hits you with a +0 short sword.
Unknown command.
You are too injured to fight recklessly!
Casting: Searing Ray (safe; 8% risk of failure)
Confirm with . or Enter, or press ? or * to list all spells.
Aiming: Freeze (safe; 1% risk of failure)
Press: ? - help, Shift-Dir - straight line, f/p - Duvessa
Aim: Duvessa, wielding a +0 short sword and wearing a +0 leather armour (heavily wounded, berserk, fast)
You freeze Duvessa!
Duvessa is severely wounded.
Malevolent energies surge around you.
Duvessa hits you with a +0 short sword!!
* * * LOW HITPOINT WARNING * * *
Duvessa closely misses you.
Unknown command.
You feel much better. Duvessa hits you with a +0 short sword!
Okay, then.
You feel yourself speed up. Duvessa closely misses you.
Duvessa hits you with a +0 short sword.
* * * LOW HITPOINT WARNING * * *
Your icy armour will break if you move.
Continue?
Duvessa attacks as you move away! Duvessa barely misses you.
Your icy armour cracks and falls away as you move.
Duvessa attacks as you move away! Duvessa barely misses you.
Duvessa rages.
Duvessa attacks as you move away! Duvessa hits you with a +0 short sword.
* * * LOW HITPOINT WARNING * * *
Duvessa attacks as you move away! Duvessa hits you with a +0 short sword!
You die...

....#................. ..[.
..#........#.......... .....
#...........#....###### .....
...#..[..........# ...(
.....#.........#...# ..#
..............##...# ..#
####............##...###
..####...........e....#.....#
.......####.....@####)#####(#
...##....#.........##.#####.#
..####..............#†...##......
.......##............###.###.....
....)................# .# .....
.........#...........# .#.....
..........#............ ......
.......(.........>...... #.?..
.........#########...... ....


You could see Duvessa (berserk, fast).

Vanquished Creatures
  Sigmund (D:4)
  An ice beast (D:5)
  2 ogres (D:5)
  A bullfrog (D:4)
  2 necrophages
  A scorpion (D:5)
  Dowan (D:5)
  2 jellies
  2 hounds (D:4)
  An iguana (D:5)
  An orc wizard (D:5)
  6 adders
  3 gnolls (D:5)
  2 ufetubi (D:4)
  4 worms
  4 dart slugs
  3 orcs
  2 bats
  3 endoplasms
  3 giant cockroaches
  2 goblins
  5 hobgoblins
  9 jackals
  A quokka (D:5)
  7 ball pythons
  5 frilled lizards
  6 kobolds
  8 rats
88 creatures vanquished.

Vanquished Creatures (collateral kills)
  A bat (D:3)
1 creature vanquished.

Vanquished Creatures (others)
  2 fungi (D:5)
2 creatures vanquished.

Grand Total: 91 creatures vanquished

Notes
Turn   | Place    | Note
-------+----------+-------------------------------------------
     0 | D:1      | serber55 the Demonspawn Ice Elementalist began the quest
                  | for the Orb.
     0 | D:1      | Reached XP level 1. HP: 13/13 MP: 3/3
   444 | D:1      | Found a faded altar of an unknown god.
   458 | D:1      | Gained mutation: Your touch may inflict minor irresistible
                  | damage on your foes. [demonic ancestry]
   458 | D:1      | Reached XP level 2. HP: 20/20 MP: 0/5
   529 | D:1      | Prayed at the altar of an unknown god.
   529 | D:1      | Became a worshipper of Vehumet
   529 | D:1      | Reached * piety under Vehumet
   529 | D:1      | Offered knowledge of Foxfire by Vehumet.
  1114 | D:2      | Reached skill level 4 in Ice Magic
  1344 | D:2      | Reached skill level 1 in Fighting
  1344 | D:2      | Reached XP level 3. HP: 24/26 MP: 2/6
  1351 | D:2      | Learned a level 3 spell: Frozen Ramparts
  2820 | D:3      | Learned a level 3 spell: Ozocubu's Armour
  3008 | D:3      | Reached ** piety under Vehumet
  3008 | D:3      | Offered knowledge of Searing Ray by Vehumet.
  3012 | D:3      | Gained mutation: Spells you cast may paralyse adjacent
                  | enemies. [demonic ancestry]
  3012 | D:3      | Reached XP level 4. HP: 32/32 MP: 7/7
  3590 | D:4      | Noticed Sigmund
  3590 | D:4      | Noticed a bullfrog
  3602 | D:4      | Killed a bullfrog
  3603 | D:4      | Reached skill level 5 in Ice Magic
  3603 | D:4      | Gained mutation: You have a somewhat thin skeletal
                  | structure. (Dex +2, Stealth+) [demonic ancestry]
  3603 | D:4      | Reached XP level 5. HP: 38/38 MP: 1/9
  3866 | D:4      | Reached XP level 6. HP: 40/46 MP: 8/11
  4013 | D:4      | Killed Sigmund
  4407 | D:4      | Reached skill level 6 in Ice Magic
  4410 | D:4      | Learned a level 2 spell: Searing Ray
  4430 | D:5      | Entered Level 5 of the Dungeon
  4465 | D:5      | Reached XP level 7. HP: 52/52 MP: 12/12
  4556 | D:5      | Reached skill level 1 in Conjurations
  4848 | D:5      | Reached XP level 8. HP: 35/60 MP: 1/14
  4959 | D:5      | Found a staircase to the Ecumenical Temple.
  4994 | D:5      | Noticed Dowan
  4995 | D:5      | Noticed Duvessa
  5005 | D:5      | Killed Dowan
  5014 | D:5      | HP: 2/60 [Duvessa/+0 short sword (18)]
  5027 | D:5      | Slain by Duvessa

Illustrated notes

Levels and vault maps discovered:
D:1:      ncdulo_wetmaze, layout_basic, hellmonk_ecumenical_altar_dog_temple
D:2:      layout_loops_ring, minivault_11, hangedman_decor_growths
D:3:      layout_basic
D:4:      layout_rooms, uniq_sigmund
D:5:      layout_rooms, mainiacjoe_overflow_chevrons,
          minmay_temple_entry_sparse_star, saegor_snake_ambush, uniq_duvessa

Skill      XL: |  1  2  3  4  5  6  7 |
---------------+----------------------+-----
Ice Magic      | 4 5 6 |  6.9
Fighting       | 1 2 3 4 |  4.2
Spellcasting   | 3 4 |  4.5
Conjurations   | 2 |  2.3
Dodging        | |  1.7
Stealth        | |  1.7

Action                   |  1- 3 |  4- 6 |  7- 9 || total
-------------------------+-------+-------+-------++-------
Melee: Short sword       |    32 |       |       ||    32
       Club              |     4 |       |       ||     4
       Touch             |     2 |       |       ||     2
       Quarterstaff      |    23 |    37 |    28 ||    88
Throw: Stone             |     1 |     8 |     8 ||    17
       Dart              |       |       |     5 ||     5
 Cast: Freeze            |    28 |     3 |    13 ||    44
       Frozen Ramparts   |     9 |    11 |     5 ||    25
       Ozocubu's Armour  |       |     2 |     5 ||     7
       Searing Ray       |       |       |     8 ||     8
  Use: Potion            |     1 |     2 |     3 ||     6
       Scroll            |     6 |     4 |       ||    10
 Stab: Sleeping          |     7 |     3 |       ||    10
       Paralysed         |       |     3 |    10 ||    13
Armor: Robe              |    14 |     3 |    14 ||    31
Dodge: Dodged            |    54 |    28 |    24 ||   106

Table legend: (Time is in decaauts)
 A = Elapsed time spent in this place.
 B = Non-inter-level travel time spent in this place.
 C = Inter-level travel time spent in this place.
 D = Time resting spent in this place.
 E = Time spent auto-exploring this place.
 F = Levels seen in this place.
 G = Mean time per level.
                   A        B        C        D        E       F      G
               +--------+--------+--------+--------+--------+-----+--------+
         Total |   5063 |   4846 |    217 |    892 |   3078 |   5 | 1012.6 |
       Dungeon |   5063 |   4846 |    217 |    892 |   3078 |   5 | 1012.6 |
               +--------+--------+--------+--------+--------+-----+--------+

Top non-repeatable levels by time:
     D:2: 1466 daAuts
     D:1: 1109 daAuts
     D:4: 1104 daAuts
     D:3: 779 daAuts
     D:5: 603 daAuts
